AoeStats
← Erickinio

Black Forest

509003253Analyzed
3v3 RM · 7d ago on Sep 25, 2026· 33m 34s· 6 players
Game mode
Random Map
Map size
Normal (6 player)
Population
200
Speed
Normal
Resources
Standard
Victory
Conquest
Starting age
Dark Age
Ending age
Imperial Age
RankedLock teamsTeams togetherTeam positionsShared explorationLock speedFull tech treeHidden civsTurbo modeCheats
Victory
Defeat
🇵🇪 Turks · Peru
937
+14
🇦🇷 Celts · Argentina
892
+16
🇦🇺 Persians · Australia
858
+17
🇨🇴 Varangians · Colombia
894
-16
🇨🇴 Varangians · Colombia
887
-16
🇨🇴 Danes · Colombia
874
-15
lachedabeast
0:47 Loom
2:46 Loom
10:18 Feudal Age
10:45 Double-Bit Axe
10:42 Horse Collar
17:56 Gold Mining
21:56 Castle Age
21:11 Stone Mining
24:01 Bow Saw
23:53 Heavy Plow
26:31 Husbandry
26:42 Bloodlines
28:49 Gold Shaft Mining
28:57 Stone Shaft Mining
30:13 Scale Barding Armor
30:20 Forging
36:43 Imperial Age
Erickinio
1:02 Loom
13:02 Feudal Age
13:55 Double-Bit Axe
14:22 Arson
17:22 Man-at-Arms
19:33 Scale Mail Armor
19:50 Forging
23:49 Stone Mining
24:39 Gold Mining
26:01 Wheelbarrow
25:46 Horse Collar
29:42 Castle Age
28:11 Fletching
28:21 Padded Archer Armor
28:37 Town Watch
32:16 Iron Casting
31:12 Long Swordsman
31:13 Pikeman
31:39 Gambesons
32:28 Chain Mail Armor
alavin alaban
1:25 Loom
15:27 Feudal Age
20:00 Castle Age
20:19 Stone Mining
22:46 Gold Mining
27:30 Double-Bit Axe
Doc.Exe
1:28 Loom
15:26 Feudal Age
16:15 Fishing Lines
16:12 Man-at-Arms
18:15 Forging
27:07 Castle Age
24:58 Horse Collar
25:46 Scale Barding Armor
26:33 Bloodlines
28:43 Iron Casting
28:21 Scale Mail Armor
28:44 Chain Barding Armor
29:59 Vendel Legacy
31:49 Fletching
Traeri
13:36 Feudal Age
12:02 Loom
13:50 Feudal Age
16:49 Gold Mining
17:27 Horse Collar
20:00 Castle Age
21:21 Heavy Plow
24:11 Fishing Lines
25:25 Double-Bit Axe
25:54 Gillnets
27:31 Bow Saw
27:43 Fletching
28:35 Bodkin Arrow
29:06 Padded Archer Armor
29:21 Husbandry
29:31 Bloodlines
29:26 Husbandry
31:51 Gold Shaft Mining
31:54 Ballistics
32:51 Wheelbarrow
33:57 Hand Cart
Isa
0:38 Loom
16:47 Feudal Age
17:34 Double-Bit Axe
25:48 Castle Age
26:39 Horse Collar
27:52 Fortified Wall
Connection lost

Rejoining the realm…

Still unreachable

The connection could not be restored.

Session expired

The server has moved on; the page needs a fresh start.